 Dungeon Sprint DCSS version 0.30-a0-219-gf2db51d15e (webtiles) character file.

Game seed: 7008866720421091526

946 rocky1 the Blocker (level 7, 0/73 HPs)
             Began as a Minotaur Fighter on Oct 8, 2022.
             Was an Initiate of Gozag.
             Slain by a yaktaur (11 damage)
             ... in the Dungeon (Sprint II: "The Violet Keep of Menkaure").
             The game lasted 00:02:07 (431 turns).

rocky1 the Blocker (Minotaur Fighter)                Turns: 431, Time: 00:02:08

Health: 0/73       AC:  9    Str: 23    XL:     7   Next: 89%
Magic:  5/5        EV: 10    Int:  5    God:    Gozag
Gold:   189        SH:  6    Dex:  7    Spells: 6/6 levels left

rFire   + . .      SeeInvis .    a - +0 flail
rCold   + . .      Faith    .    c - +0 buckler
rNeg    . . .      Spirit   .    b - +0 scale mail
rPois   +          Reflect  .    (helmet restricted)
rElec   +          Harm     .    (no cloak)
rCorr   +          Rampage  .    (no gloves)
Will    .....      NoTele   +    (no boots)
Stlth   ..........               (no amulet)
HPRegen 0.32/turn                (no ring)
MPRegen 0.09/turn                (no ring)

@: mighty, resistant, gold aura, hasted, very quick
A: horns 2, retaliatory headbutt, clumsy 1, low MP 1, screaming 1
a: Renounce Religion, Potion Petition, Call Merchant, Bribe Branch


You were in the Dungeon.
You worshipped Gozag.
Gozag was aware of your devotion.
You visited 1 branch You collected 729 gold pieces.
You paid 540 gold pieces to Gozag.

Inventory:

Hand Weapons
 a - a +0 flail (weapon)
Armour
 b - a +0 scale mail (worn)
 c - a +0 buckler (worn)
Scrolls
 j - a scroll of blinking
Potions
 g - a potion of haste
 h - 2 potions of magic


   Skills:
 + Level 10.9 Fighting
 + Level 8.8 Maces & Flails
 + Level 11.2 Armour
 + Level 3.6 Dodging
 + Level 11.6 Shields


You had 6 spell levels left.
You didn't know any spells.
Your spell library was empty.

Dungeon Overview and Level Annotations

Branches:
Dungeon (1/1)

Altars:
Cheibriados
Dithmenos
Elyvilon
Fedhas
Gozag
Hepliaklqana
Kikubaaqudgha
Makhleb
Nemelex Xobeh
Okawaru
Qazlal
Ru
Sif Muna
Trog
Uskayaw
Vehumet
Wu Jian
Xom
Yredelemnul
Zin
The Shining One
Jiyva
Lugonu

Annotations:
D exclusion: obsidian statue


Innate Abilities, Weirdness & Mutations

You have a pair of horns on your head.
You reflexively headbutt those who attack you in melee.
You are clumsy. (Dex -2)
Your magical capacity is low. (-10% MP)
You occasionally shout uncontrollably at your foes.


Message History

The polar bear claws you but does no damage.
The polar bear claws you.
You sock the polar bear!
The polar bear is moderately wounded.
The polar bear closely misses you. You furiously retaliate!
You headbutt the polar bear! The polar bear barely misses you.
You block the polar bear's attack. The yaktaur closely misses you.
The polar bear bites you!
* * * LOW HITPOINT WARNING * * *
The polar bear barely misses you.
The polar bear claws you but does no damage.
You barely miss the yaktaur. You headbutt the yaktaur.
The yaktaur is lightly wounded.
You hit the yaktaur. You headbutt the yaktaur!
The yaktaur is moderately wounded.
The polar bear bites you.
* * * LOW HITPOINT WARNING * * *
The polar bear claws you but does no damage.
You block the polar bear's attack. The polar bear bites you.
* * * LOW HITPOINT WARNING * * *
The polar bear closely misses you. You block the polar bear's attack.
The yaktaur hits you but does no damage.
Okay, then.
Blink to where?
Press: ? - help, Dir - move target, f - you
Okay, then.
Unknown command.
You feel much better. The yaktaur closely misses you. You furiously retaliate!
You headbutt the yaktaur! The polar bear bites you!
* * * LOW HITPOINT WARNING * * *
The polar bear misses you. The polar bear barely misses you.
You block the polar bear's attack.
The polar bear claws you but does no damage. x2
You feel very mighty all of a sudden.
Okay, then.
You sock the polar bear! You headbutt the polar bear!
The polar bear is severely wounded.
The polar bear goes berserk!
The yaktaur hits you!
You die...
Your body crumbles into a pile of gold.

###.##......~~~~y~~~~~~
B ###~~...§.~#'########+
$
..#~~~~~~~..~#._._._..#~
$
.##~~~§~§~~.~#.._._._.#~
##~~~§≈≈§§~~~#._._._._#§
$$
~~~~~§≈≈≈≈~~~#_._._._.#~
$
+++#~§≈§≈≈≈≈h#._._._..#§
$$ ##§§§###≈≈#_chh_...#§
$ #≈≈#._@_....#~ $$
#≈≈#_._.....#§
§§§§≈##########~
#######~~~~~~~~~≈
≈≈≈≈###~########≈
°≈°§§##~# $$ $ 8≈§≈≈§+~#
$$ ≈≈§§### $ ≈≈§# $


You could see 3 polar bears and a yaktaur.

Vanquished Creatures
  A hornet (D)
  4 neqoxecs (D)
  4 scorpions (D)
  3 worms (D)
12 creatures vanquished.

Vanquished Creatures (others)
  Menkaure (D)
  A water moccasin (D)
2 creatures vanquished.

Grand Total: 14 creatures vanquished

Notes
Turn   | Place    | Note
-------+----------+-------------------------------------------
     0 | D        | rocky1 the Minotaur Fighter began the quest for the Orb.
     0 | D        | Reached XP level 1. HP: 19/19 MP: 0/0
     1 | D        | Noticed a boulder beetle
     1 | D        | Noticed a boulder beetle
     5 | D        | Noticed a scorpion
     5 | D        | Noticed a scorpion
     5 | D        | Noticed a scorpion
     5 | D        | Noticed a scorpion
    14 | D        | Killed a scorpion
    15 | D        | Reached skill level 5 in Armour
    15 | D        | Reached XP level 2. HP: 13/31 MP: 1/1
    15 | D        | Reached XP level 3. HP: 16/38 MP: 2/2
    18 | D        | Killed a scorpion
    19 | D        | Reached XP level 4. HP: 6/47 MP: 3/3
    25 | D        | Killed a scorpion
    26 | D        | Reached skill level 1 in Dodging
    26 | D        | Reached XP level 5. HP: 13/53 MP: 4/4
    29 | D        | Reached skill level 5 in Maces & Flails
    31 | D        | HP: 2/56 [poisoned by a scorpion]
   166 | D        | Killed Menkaure
   325 | D        | Noticed a neqoxec
   325 | D        | Noticed a neqoxec
   325 | D        | Noticed a neqoxec
   325 | D        | Noticed a neqoxec
   325 | D        | Killed a water moccasin
   336 | D        | Lost intelligence.
   340 | D        | Killed a neqoxec
   341 | D        | Reached XP level 6. HP: 64/64 MP: 5/5
   342 | D        | Gained mutation: You occasionally shout uncontrollably at
                  | your foes. [a neqoxec]
   345 | D        | Gained mutation: Your magical capacity is low. (-10% MP) [a
                  | neqoxec]
   347 | D        | Killed a neqoxec
   348 | D        | Reached skill level 10 in Armour
   348 | D        | Reached skill level 10 in Shields
   352 | D        | Killed a neqoxec
   353 | D        | Reached skill level 10 in Fighting
   353 | D        | Reached XP level 7. HP: 52/72 MP: 5/5
   358 | D        | Gained mutation: You are clumsy. (Dex -2) [a neqoxec]
   360 | D        | Killed a neqoxec
   397 | D        | Found a glowing silver altar of Zin.
   398 | D        | Found a glowing golden altar of the Shining One.
   398 | D        | Found a basalt altar of Yredelemnul.
   398 | D        | Found a hide-covered altar of Uskayaw.
   399 | D        | Found a shimmering altar of Xom.
   399 | D        | Found a bloodstained altar of Trog.
   400 | D        | Found an ornate altar of the Wu Jian Council.
   400 | D        | Found a shimmering blue altar of Sif Muna.
   400 | D        | Found a corrupted altar of Lugonu.
   400 | D        | Found a radiant altar of Vehumet.
   400 | D        | Found a burning altar of Makhleb.
   401 | D        | Found a sacrificial altar of Ru.
   401 | D        | Found an ancient bone altar of Kikubaaqudgha.
   401 | D        | Found a white marble altar of Elyvilon.
   402 | D        | Found a stormy altar of Qazlal.
   402 | D        | Found a viscous altar of Jiyva.
   402 | D        | Found a shadowy altar of Dithmenos.
   403 | D        | Found a hazy altar of Hepliaklqana.
   403 | D        | Found a snail-covered altar of Cheibriados.
   405 | D        | Found a sparkling altar of Nemelex Xobeh.
   405 | D        | Found a blossoming altar of Fedhas.
   405 | D        | Noticed a hornet
   405 | D        | Noticed a polar bear
   405 | D        | Noticed a polar bear
   406 | D        | Found an iron altar of Okawaru.
   406 | D        | Found an opulent altar of Gozag.
   406 | D        | Noticed a yaktaur
   406 | D        | Noticed a polar bear
   412 | D        | Noticed an obsidian statue
   417 | D        | Became a worshipper of Gozag Ym Sagoz the Greedy
   424 | D        | Killed a hornet
   431 | D        | Slain by a yaktaur

Illustrated notes

Levels and vault maps discovered:
D:        the_violet_keep_of_menkaure [sprint2_stairs_cluster_1,
          sprint2_shoproom, sprint2_temple, sprint2_basic_supplies,
          sprint2_obstacle_2, sprint2_obstacle_3, sprint2_obstacle_7,
          sprint2_obstacle_6, sprint2_obstacle_1, sprint2_timed_cluster_1,
          sprint2_smallroom_cluster_1, sprint2_smallroom_final_cluster_1,
          sprint2_transparent_cluster_1, sprint2_second_timed_cluster_1,
          sprint2_sniper_area_1, sprint2_heavy_combat_area_1,
          sprint2_mutation_trap_area_1, sprint2_forest_area_1,
          sprint2_light_combat_area_1, sprint2_behind_water_1,
          sprint2_near_end_vault_1]

Skill      XL: |  1  2  3  4  5  6  7 |
---------------+----------------------+-----
Fighting       | 6 7 8 9 10 | 10.9
Maces & Flails | 3 4 6 7 8 |  8.8
Armour         | 5 6 7 9 10 11 | 11.2
Shields        | 6 7 8 9 10 11 | 11.6
Dodging        | 1 2 3 |  3.6

Action                   |  1- 3 |  4- 6 |  7- 9 || total
-------------------------+-------+-------+-------++-------
Melee: Flail             |    13 |    32 |    25 ||    70
       Headbutt          |     5 |     3 |     6 ||    14
Invok: Potion Petition   |       |       |     1 ||     1
  Use: Potion            |       |     2 |     2 ||     4
Armor: Scale mail        |     5 |     6 |    18 ||    29
Dodge: Dodged            |     3 |     9 |    14 ||    26
Block: Buckler           |     4 |    10 |    11 ||    25

Table legend: (Time is in decaauts)
 A = Elapsed time spent in this place.
 B = Non-inter-level travel time spent in this place.
 C = Inter-level travel time spent in this place.
 D = Time resting spent in this place.
 E = Time spent auto-exploring this place.
 F = Levels seen in this place.
 G = Mean time per level.
                   A        B        C        D        E       F      G
               +--------+--------+--------+--------+--------+-----+--------+
         Total |    444 |    444 |      0 |    294 |      0 |   1 |  444.0 |
       Dungeon |    444 |    444 |      0 |    294 |      0 |   1 |  444.0 |
               +--------+--------+--------+--------+--------+-----+--------+

Top non-repeatable levels by time:
       D: 444 daAuts
